 Dungeon Crawl Stone Soup version 0.31-a0-358-gac0dbeb3ab (webtiles) character file.

Game seed: 17066719477076725408

48 randomguy2701 the Covered (level 3, -4/33 HPs)
             Began as a Minotaur Fighter on July 25, 2023.
             Killed from afar by an orc wizard (8 damage)
             ... with a magic dart
             ... on level 3 of the Dungeon.
             The game lasted 00:01:34 (1441 turns).

randomguy2701 the Covered (Minotaur Fighter)        Turns: 1441, Time: 00:01:35

Health: -4/33      AC:  7    Str: 22    XL:     3   Next: 50%
Magic:  2/2        EV:  9    Int:  5    God:
Gold:   176        SH:  4    Dex:  9    Spells: 2/2 levels left

rFire   . . .        a - +0 long sword
rCold   . . .        c - +0 buckler
rNeg    . . .        b - +0 scale mail
rPois   .            (helmet restricted)
rElec   .            (no cloak)
rCorr   .            (no gloves)
SInv    .            (no boots)
Will    .....        (no amulet) Stlth
                     (no ring)
HPRegen 0.25/turn    (no ring)
MPRegen 0.08/turn

%: no passive effects
@: no status effects
A: horns 2, retaliatory headbutt
a: no special abilities


You were on level 3 of the Dungeon.
You visited 1 branch of the dungeon, and saw 3 of its levels.

You collected 176 gold pieces.

Inventory:

Hand Weapons
 a - a +0 long sword (weapon)
Armour
 b - a +0 scale mail (worn)
 c - a +0 buckler (worn)
Scrolls
 e - a scroll of teleportation {unknown}
 f - 3 scrolls of identify {unknown}
 j - 2 scrolls of blinking {unknown}
Potions
 d - 2 potions of might
 g - 2 potions of brilliance {unknown}
 h - 2 potions of heal wounds {unknown}
 i - a potion of cancellation {unknown}
 k - a potion of enlightenment {unknown}


   Skills:
 + Level 4.1 Fighting
 + Level 3.0 Long Blades
 + Level 4.3 Armour
 + Level 4.1 Shields


You had 2 spell levels left.
You didn't know any spells.
Your spell library was empty.

Dungeon Overview and Level Annotations

Branches:
Dungeon (3/15)

Altars:

Shops:
D:1 (((*


Innate Abilities, Weirdness & Mutations

You have a pair of horns on your head.
You reflexively headbutt those who attack you in melee.


Message History

No target in view!
No target in view!
No target in view!
No target in view!
No target in view!
No target in view!
No target in view!
No target in view!
You barely miss something. Something hits you but does no damage.
You closely miss something. Something hits you but does no damage.
You barely miss something. Your headbutt misses something. Something hits you.
You miss something. Your headbutt misses something.
You block something's attack. Something hits you.
You miss something.
You hear some strange, mumbled words.
A magic dart appears from out of thin air!
The magic dart hits you.
You miss something. Something hits you but does no damage.
You miss something. Something hits you but does no damage.
You barely miss something. Your headbutt misses something.
Something hits you but does no damage. Something hits you.
You closely miss something. Something hits you.
You hit something. Your headbutt misses something. Something hits you.
You barely miss something. Something hits you but does no damage.
You slash something! Your headbutt misses something.
Something completely misses you. Something hits you.
You closely miss something.
You hear some strange, mumbled words.
A magic dart appears from out of thin air!
The magic dart hits you.
You miss something.
You hear some strange, mumbled words.
A magic dart appears from out of thin air!
The magic dart hits you!
* * * LOW HITPOINT WARNING * * *
You closely miss something.
You hear some strange, mumbled words.
A magic dart appears from out of thin air!
The magic dart hits you!
You die...

###########
#..........
#..........
######..........
#...............
####.######........
#....<#...'........
###.#.#@###........
.....#{# #########
##....#.# #.##.#.#
.. ..#.# ##. ###.#
#. ..# ###


There were no monsters in sight!

Vanquished Creatures
  An adder (D:2)
  2 worms (D:2)
  A dart slug (D:2)
  2 orcs (D:3)
  2 endoplasms (D:1)
  3 giant cockroaches (D:1)
  2 goblins
  2 hobgoblins
  A quokka (D:1)
  3 ball pythons (D:1)
  4 bats
  5 kobolds
  A rat (D:1)
29 creatures vanquished.

Notes
Turn   | Place    | Note
-------+----------+-------------------------------------------
     0 | D:1      | randomguy2701 the Minotaur Fighter began the quest for the
                  | Orb.
     0 | D:1      | Reached XP level 1. HP: 19/19 MP: 0/0
    30 | D:1      | Found Qaipin's Weapon Shoppe.
    30 | D:1      | Found a faded altar of an unknown god.
    47 | D:1      | Found Zukocsel's Weapon Boutique.
    64 | D:1      | Found Keeh's Assorted Antiques.
    84 | D:1      | Found Beshruh's Antique Weapon Emporium.
   234 | D:1      | Reached XP level 2. HP: 23/27 MP: 1/1
   806 | D:2      | Reached XP level 3. HP: 33/33 MP: 2/2
  1441 | D:3      | Killed from afar by an orc wizard

Illustrated notes

Levels and vault maps discovered:
D:1:      dpeg_arrival_rooms_a, layout_basic, dreamdust_ecumenical_altar_grove,
          serial_shops, shop, nicolae_shop_tiny_waterfront, shop, shop,
          minmay_domino_4
D:2:      layout_loops_ring
D:3:      layout_basic, zin_academy, nicolae_uskayaw_dance_hall,
          uniq_crazy_yiuf_cottage

Skill      XL: |  1  2  3 |
---------------+----------+-----
Armour         | 4 |  4.3
Fighting       | 4 |  4.1
Shields        | 4 |  4.1
Long Blades    | 3 |  3.0

Action                     || total
---------------------------++-------
  Melee: Long sword        ||    97
         Headbutt          ||    12
 Armour: Scale mail        ||    50
  Dodge: Dodged            ||    36
  Block: Buckler           ||    17

Table legend: (Time is in decaauts)
 A = Elapsed time spent in this place.
 B = Non-inter-level travel time spent in this place.
 C = Inter-level travel time spent in this place.
 D = Time resting spent in this place.
 E = Time spent auto-exploring this place.
 F = Levels seen in this place.
 G = Mean time per level.
                   A        B        C        D        E       F      G
               +--------+--------+--------+--------+--------+-----+--------+
         Total |   1469 |   1414 |     55 |      0 |   1183 |   3 |  489.7 |
       Dungeon |   1469 |   1414 |     55 |      0 |   1183 |   3 |  489.7 |
               +--------+--------+--------+--------+--------+-----+--------+

Top non-repeatable levels by time:
     D:2: 826 daAuts
     D:1: 604 daAuts
     D:3: 39 daAuts
